 Dungeon Crawl Stone Soup version 0.25.1-2-g60ff931df9 (webtiles) character file.

Game seed: 2938071427249022438

378 Delamore the Shield-Bearer (level 6, -5/40 HPs)
             Began as a Gargoyle Fighter on Aug 26, 2020.
             Was an Initiate of Okawaru.
             Slain by a hippogriff (7 damage)
             ... on level 7 of the Dungeon.
             The game lasted 00:03:27 (4099 turns).

Delamore the Shield-Bearer (Gargoyle Fighter)       Turns: 4099, Time: 00:03:28

Health: -5/40      AC: 14    Str: 19 (21) XL:     6   Next: 74%
Magic:  6/6        EV:  7    Int:  6 (9)  God:    Okawaru [......]
Gold:   299        SH:  9    Dex:  7 (9)  Spells: 5/5 levels left

rFire    . . .     SeeInvis .   w - +3 mace
rCold    . . .     Gourm    .   c - +0 kite shield
rNeg     + . .     Faith    .   b - +0 scale mail
rPois    ∞         Spirit   .   (no helmet)
rElec    +         Reflect  .   v - +2 cloak
rCorr    +         Harm     .   (no gloves)
MR       .....                  (no boots)
Stlth    ..........             o - amulet of the acrobat
HPRegen  0.13/turn              x - ring of resist corrosion
MPRegen  0.10/turn              (no ring)

@: brilliant
A: negative energy resistance 1, electricity resistance, unbreathing,
petrification resistance, rot immunity, AC +4
a: Renounce Religion


You were on level 7 of the Dungeon.
You worshipped Okawaru.
Okawaru was noncommittal.
You were near starving.

You visited 2 branches of the dungeon, and saw 8 of its levels.

You collected 299 gold pieces.

Inventory:

Hand Weapons
 w - a +3 mace (weapon)
Armour
 b - a +0 scale mail (worn)
 c - a +0 kite shield (worn)
 v - a +2 cloak (worn)
Jewellery
 o - an amulet of the acrobat (around neck)
 x - a ring of resist corrosion (left hand)
 A - an uncursed ring of fire {unknown}
 C - an uncursed ring of magical power {unknown}
Scrolls
 a - a scroll of noise {unknown}
 e - 3 scrolls of remove curse {unknown}
 h - 4 scrolls of fog {unknown}
 i - 2 scrolls of enchant weapon {unknown}
 k - 7 scrolls of identify {unknown}
 l - a scroll of enchant armour {unknown}
 m - 2 scrolls of magic mapping {unknown}
 p - 2 scrolls of random uselessness {unknown}
 s - 2 scrolls of teleportation {unknown}
 u - 2 scrolls of blinking {unknown}
 y - a scroll of fear {unknown}
 z - a scroll of amnesia {unknown}
Potions
 d - a potion of might
 g - a potion of brilliance
 j - 4 potions of curing
 n - a potion of invisibility {unknown}
 q - a potion of degeneration
 r - a potion of haste {unknown}
 t - a potion of flight {unknown}
Comestibles
 f - 5 rations


   Skills:
 - Level 5.0 Fighting
 + Level 5.0 Maces & Flails
 - Level 3.2 Armour
 - Level 5.0 Shields


You had 5 spell levels left.
You didn't know any spells.
Your spell library contained the following spells:

 Spells                   Type           Power        Failure   Level  Hunger
 Animate Skeleton         Necr           N/A          99%         1    None
 Apportation              Tloc           #.....       99%         1    None
 Corona                   Hex            #......      99%         1    None
 Summon Small Mammal      Summ           #...         99%         1    None


Dungeon Overview and Level Annotations

Branches:
Dungeon (7/15)             Temple (1/1) D:5

Altars:
Cheibriados
Dithmenos
Elyvilon
Fedhas
Hepliaklqana
Kikubaaqudgha
Nemelex Xobeh
Okawaru
Qazlal
Ru
Sif Muna
Trog
Uskayaw
Vehumet
Wu Jian
Yredelemnul
Zin
The Shining One

Shops:
D:4 *   D:5 }

Annotations:
D:6 Eustachio


Innate Abilities, Weirdness & Mutations

You are resistant to torment.
Your stone body is resilient. (AC +4)
You are immune to poison.
You resist negative energy. (rN+)
You are resistant to electric shocks. (rElec)
You can survive without breathing.
You are immune to petrification.
You are immune to rotting.


Message History

You hit the hippogriff but do no damage.
The hippogriff is heavily wounded.
The hippogriff bites you but does no damage.
The hippogriff pecks you but does no damage.
The hippogriff claws you.
* * * LOW HITPOINT WARNING * * *
You hit the hippogriff.
The hippogriff is severely wounded.
You block the hippogriff's attack.
The hippogriff pecks you but does no damage.
The hippogriff barely misses you.
You thump the hippogriff!
The hippogriff is almost dead.
You block the hippogriff's attack.
The hippogriff pecks you but does no damage.
The hippogriff claws you but does no damage.
You hit the hippogriff but do no damage.
The hippogriff is almost dead.
You block the hippogriff's attack. x3; The hippogriff bites you!
You die...

## ##.
#..########
#@.......
#H.......
.........
.#........
<.#........
##
#........
#########


You could see a hippogriff.

Vanquished Creatures
  A scorpion (D:4)
  A howler monkey (D:4)
  A hound (D:4)
  Crazy Yiuf (D:2)
  A jelly (D:5)
  An iguana (D:4)
  A worker ant (D:4)
  2 hound zombies (D:5)
  4 adders
  3 oozes
  3 worms
  2 dart slugs
  A leopard gecko (D:2)
  3 orcs
  7 bats
  2 giant cockroaches
  10 goblins
  2 hobgoblins
  4 jackals (D:1)
  A quokka (D:3)
  3 frilled lizards
  6 kobolds
  7 rats
67 creatures vanquished.

Notes
Turn   | Place    | Note
-------+----------+-------------------------------------------
     0 | D:1      | Delamore the Gargoyle Fighter began the quest for the Orb.
     0 | D:1      | Reached XP level 1. HP: 14/14 MP: 1/1
   128 | D:1      | Reached XP level 2. HP: 18/19 MP: 2/2
   633 | D:1      | Reached XP level 3. HP: 19/24 MP: 3/3
  1356 | D:2      | Reached XP level 4. HP: 27/29 MP: 4/4
  1653 | D:2      | Found a shimmering blue altar of Sif Muna.
  1765 | D:2      | Found a runed translucent door.
  1766 | D:2      | Noticed Crazy Yiuf
  1773 | D:2      | Killed Crazy Yiuf
  1866 | D:3      | Found a snail-covered altar of Cheibriados.
  1950 | D:3      | Reached XP level 5. HP: 34/34 MP: 5/5
  2617 | D:3      | Found a hide-covered altar of Uskayaw.
  2617 | D:3      | Found a blossoming altar of Fedhas.
  2965 | D:4      | Found Uddiqoepp's Assorted Antiques.
  2985 | D:4      | Reached skill level 5 in Shields
  2985 | D:4      | Reached XP level 6. HP: 35/40 MP: 6/6
  2991 | D:4      | Reached skill level 5 in Fighting
  3251 | D:5      | Entered Level 5 of the Dungeon
  3398 | D:5      | Found a staircase to the Ecumenical Temple.
  3410 | Temple   | Entered the Ecumenical Temple
  3608 | Temple   | Became a worshipper of Warmaster Okawaru
  3699 | D:5      | Found Bireace's Gadget Shoppe.
  3753 | D:5      | Reached skill level 5 in Maces & Flails
  4053 | D:6      | Noticed Eustachio
  4058 | D:6      | Noticed a hippogriff
  4096 | D:7      | HP: 2/40 [hippogriff (6)]
  4099 | D:7      | Slain by a hippogriff

Illustrated notes

Levels and vault maps discovered:
D:1:      ncdulo_halloftheorcs, layout_loops_ring
D:2:      layout_loops_ring, lemuel_blue_sif_altar, serial_forest,
          infiniplex_forest_clump_cross, infiniplex_forest_clump_diagonal,
          infiniplex_forest_clump_diagonal, infiniplex_forest_straight_4,
          infiniplex_forest_clump_small, infiniplex_forest_lined_3,
          infiniplex_forest_lined_3_way, infiniplex_forest_lined_room_2,
          uniq_crazy_yiuf_cottage
D:3:      layout_basic, cheibriados_altar_1, gammafunk_temple_overflow_wave
D:4:      layout_rooms, serial_shops, nicolae_shop_competitors_out_of_business
D:5:      layout_cave_pools, minmay_temple_entry_butterflies, first_ration,
          serial_shops, kennysheep_little_box
D:6:      layout_loops_ring, serial_shops, nicolae_shop_waterfront,
          nicolae_shop_stone, shop, nicolae_shop_crystal, uniq_eustachio
D:7:      cheibrodos_steamvent, layout_rooms, old_standard_altar, serial_shops,
          nicolae_shop_trees, shop, nicolae_shop_statue_plus, shop_fountains,
          trog_butcher_becter
Temple:   eino_narrow_crystal_temple

Skill      XL: |  1  2  3  4  5  6 |
---------------+-------------------+-----
Fighting       | 4 5 |  5.0
Shields        | 4 5 |  5.0
Maces & Flails | 3 5 |  5.0
Armour         | |  3.2

Action                   |  1- 3 |  4- 6 || total
-------------------------+-------+-------++-------
Melee: Flail             |   142 |    13 ||   155
       Mace              |       |   176 ||   176
  Use: Potion            |       |     4 ||     4
  Eat: Chunk             |     2 |     7 ||     9
Armor: Scale mail        |    80 |   152 ||   232
Dodge: Dodged            |    47 |    88 ||   135
Block: Kite shield       |    85 |   143 ||   228
